 Dungeon Crawl Stone Soup version 0.28.0-47-ge53b351184 (webtiles) character file.

Game seed: 15293139695316862864

13932 pkoi the Martial Artist (level 11, -6/88 HPs)
             Began as a Demigod Hedge Wizard on May 10, 2022.
             Mangled by an eight-headed hydra (13 damage)
             ... on level 2 of the Lair of Beasts on May 11, 2022.
             The game lasted 00:38:53 (22311 turns).

pkoi the Martial Artist (Demigod Hedge Wizard)     Turns: 22311, Time: 00:38:53

Health: -6/88      AC: 12    Str: 11    XL:     11   Next: 52%
Magic:  21/22      EV: 15    Int: 37    God:
Gold:   505        SH:  0    Dex: 23    Spells: 5/20 levels left

rFire   . . .      SeeInvis +   z - +4 trident "Goocadune" {freeze, Int+3 Dex+4}
rCold   . . .      Faith    .   (no shield)
rNeg    . . .      Spirit   .   A - +0 troll leather armour
rPois   +          Reflect  .   o - +0 helmet
rElec   +          Harm     .   l - +0 cloak
rCorr   .          Rampage  .   n - +2 pair of gloves
Will    +....                   k - +1 pair of boots "Gaemmorph" {Int-2 Dex+6 Slay+6}
Stlth   ++........              (no amulet)
HPRegen 1.04/turn               m - ring "Ysuaplux" {rElec rPois SInv}
MPRegen 0.18/turn               s - +6 ring of intelligence

@: lethally poisoned (-6 -> -7)
A: high MP 1, forlorn, divine attributes, clever 1
a: no special abilities


You were on level 2 of the Lair of Beasts.
You visited 2 branches of the dungeon, and saw 11 of its levels.
You also visited: Ossuary.

You collected 817 gold pieces.
You spent 312 gold pieces at shops.

Inventory:

Hand Weapons
 a - a +1 dagger
 z - the +4 trident "Goocadune" (weapon) {freeze, Int+3 Dex+4}
   (You found it on level 9 of the Dungeon)

   It freezes those it strikes, dealing additional cold damage.
   It can also slow down cold-blooded creatures.
   Int:       It affects your intelligence (+3).
   Dex:       It affects your dexterity (+4).
Missiles
 g - 3 silver javelins
Armour
 b - a +0 robe
 k - the +1 pair of boots "Gaemmorph" (worn) {Int-2 Dex+6 Slay+6}
   (You acquired it on level 8 of the Dungeon)

   Int:       It affects your intelligence (-2).
   Dex:       It affects your dexterity (+6).
   Slay:      It affects your accuracy & damage with ranged weapons and melee
   (+6).
 l - a +0 cloak (worn)
 n - a +2 pair of gloves (worn)
 o - a +0 helmet (worn)
 A - a +0 troll leather armour (worn)
Magical Staves
 h - a staff of fire
Jewellery
 m - the ring "Ysuaplux" (left hand) {rElec rPois SInv}
   (You found it on level 4 of the Dungeon)

   [ring of see invisible]

   rElec:     It insulates you from electricity.
   rPois:     It protects you from poison.
   SInv:      It lets you see invisible.
 s - a +6 ring of intelligence (right hand)
 I - a +6 ring of dexterity
Wands
 x - a wand of flame (27)
 C - a wand of polymorph (4)
 D - a wand of digging (6)
 F - a wand of charming (4)
Scrolls
 e - 2 scrolls of blinking
 f - 2 scrolls of fear
 y - a scroll of identify
 B - a scroll of holy word
 E - a scroll of amnesia
 G - a scroll of teleportation
 H - a scroll of noise {unknown}
Potions
 c - a potion of might
 d - 6 potions of curing
 i - a potion of flight
 j - a potion of cancellation
 p - a potion of invisibility
 q - 3 potions of haste
 r - 3 potions of brilliance
 t - 2 potions of heal wounds
 u - 2 potions of lignification
 v - a potion of resistance
 w - 2 potions of magic


   Skills:
 + Level 5.4 Fighting
 + Level 4.4 Armour
 + Level 5.4 Dodging
 - Level 1.7 Stealth
 * Level 8.7 Unarmed Combat
 + Level 5.1 Spellcasting
 - Level 6.3 Conjurations
 - Level 1.0 Summonings
 - Level 5.0 Translocations
 + Level 3.0 Transmutations
 - Level 3.0 Fire Magic
 - Level 5.0 Air Magic
 - Level 3.0 Poison Magic
 - Level 3.0 Evocations


You had 5 spell levels left.
You knew the following spells:

 Your Spells              Type           Power      Damage    Failure   Level
a - Magic Dart            Conj           100%       1d8       1%          1
b - Conjure Flame         Conj/Fire      44%        6-21      1%          3
c - Mephitic Cloud        Conj/Pois/Air  44%        N/A       1%          3
d - Blink                 Tloc           92%        N/A       1%          2
e - Swiftness             Air            46%        N/A       1%          3
f - Ignite Poison         Fire/Tmut/Pois 31%        N/A       4%          3

Your spell library contained the following spells:

 Spells                   Type           Power      Damage    Failure   Level
 Foxfire                  Conj/Fire      100%       2x1d9     1%          1
 Poisonous Vapours        Pois/Air       78%        N/A       1%          2
 Corpse Rot               Necr/Air       54%        N/A       2%          2
 Passwall                 Tmut/Erth      16%        N/A       3%          2
 Slow                     Hex            36%        N/A       4%          1
 Call Imp                 Summ           16%        N/A       4%          2
 Ensorcelled Hibernation  Hex/Ice        18%        N/A       7%          2
 Flame Wave               Conj/Fire      44%        2d10      7%          4
 Inner Flame              Hex/Fire       20%        N/A       8%          3
 Manifold Assault         Tloc           46%        N/A       16%         5
 Freezing Cloud           Conj/Ice/Air   18%        6-21      26%         5
 Storm Form               Tmut/Air       19%        N/A       100%        7
 Chain Lightning          Conj/Air       25%        3d34      100%        9
 Fire Storm               Conj/Fire      22%        8d6       100%        9
 Shatter                  Erth           4%         3d8*      100%        9


Dungeon Overview and Level Annotations

Branches:
Dungeon (9/15)             Temple (0/1) D:7            Lair (2/6) D:9
  Swamp (0/4) Lair:2      Ossuary (visited)
  Snake: Lair:2-4    Spider: Lair:2-4       Orc: D:9-12

Shops:
D:7 (   D:8 !   D:9 [

Annotations:
D:8 3 runed translucent doors, AlmostDecent's ghost, novice DgFi
Lair:1 3 runed translucent doors, AlmostDecent's ghost, journeyman GrFi


Innate Abilities, Weirdness & Mutations

You have an increased reservoir of magic. (+10% MP)
You shall have no god before yourself.
Your divine heritage dramatically boosts your attributes as you level up.
Your mind is acute. (Int +2)


Message History

* * * LOW HITPOINT WARNING * * *
The eight-headed hydra bites you but does no damage.
The eight-headed hydra barely misses you.
The eight-headed hydra misses you. The eight-headed hydra bites you!
* * * LOW HITPOINT WARNING * * *
The eight-headed hydra bites you but does no damage.
The eight-headed hydra bites you!
* * * LOW HITPOINT WARNING * * *
The eight-headed hydra barely misses you.
You barely miss the eight-headed hydra.
The eight-headed hydra is heavily wounded.
You feel sick.
The eight-headed hydra is no longer moving slowly.
The eight-headed hydra is engulfed in blazing flames.
The eight-headed hydra bites you.
* * * LOW HITPOINT WARNING * * *
The eight-headed hydra bites you.
* * * LOW HITPOINT WARNING * * *
The eight-headed hydra bites you.
* * * LOW HITPOINT WARNING * * *
The eight-headed hydra bites you but does no damage.
The eight-headed hydra bites you.
* * * LOW HITPOINT WARNING * * *
The eight-headed hydra bites you!
* * * LOW HITPOINT WARNING * * *
The eight-headed hydra misses you.
The eight-headed hydra bites you but does no damage.
Unknown command.
Unknown command.
Unknown command.
Unknown command.
You barely miss the eight-headed hydra. You punch the eight-headed hydra.
The eight-headed hydra is severely wounded.
You feel sick.
The eight-headed hydra is engulfed in blazing flames.
The eight-headed hydra barely misses you. x2
The eight-headed hydra bites you!
* * * LOW HITPOINT WARNING * * *
The eight-headed hydra bites you!
You die...

.................
#................P.##
#.....................
#............P.#.##.#.
#............S.........
##...............P.......
#P......................
#..#.........D##..##.#.# #.
#...#P......##@#....#...#.#.#
#...........................
#........#P..#...#.###.#..#
#.......#.....##.#..#..#..##
##............................
#..#......PP#...P....#...P...#
##...........................
#..##.#...#####.####......#.#
##.#.#..##.P#.##.#.#.......#.P#


You could see an eight-headed hydra.

Vanquished Creatures
  A two-headed ogre (D:9)
  A black mamba (Lair:2)
  7 cane toads
  Maggie (Lair:2)
  Prince Ribbit (D:6)
  A troll (D:9)
  2 hornets
  3 blink frogs (Lair:2)
  A shadow (D:9)
  4 wyverns
  18 yaks
  2 basilisks (D:9)
  4 vampire mosquitoes
  11 water moccasins
  A sky beast (D:7)
  2 necrophages
  2 ogres
  3 orc warriors
  3 centaurs
  A kobold brigand (D:6)
  11 bullfrogs
  4 scorpions
  A water moccasin zombie (D:5)
  9 killer bees
  A wyvern skeleton (D:7)
  A water moccasin skeleton (D:5)
  4 wights (D:8)
  2 howler monkeys (D:8)
  A crimson imp (D:6)
  2 bullfrog zombies (D:6)
  4 hounds
  A centaur zombie (D:6)
  2 jellies
  3 orc priests
  A bullfrog skeleton (D:6)
  A gnoll shaman (D:4)
  2 iguanas
  Natasha (thrice) (D:2)
  5 orc wizards
  A scorpion zombie (D:5)
  2 hound skeletons (D:4)
  8 mummies (Ossuary)
  Robin (D:2)
  14 gnolls
  4 adders
  2 shadow imps
  2 ufetubi
  A worm (D:3)
  4 dart slugs
  26 orcs
  12 ball pythons
  2 bats
  5 endoplasms
  5 giant cockroaches
  2 gnoll zombies (Ossuary)
  16 goblins
  11 hobgoblins
  5 quokkas
  3 frilled lizards
  3 hobgoblin zombies (Ossuary)
  10 kobolds
  2 kobold zombies (Ossuary)
  An orc zombie (Ossuary)
  A rat (D:2)
270 creatures vanquished.

Vanquished Creatures (collateral kills)
  A blink frog (Lair:2)
1 creature vanquished.

Vanquished Creatures (others)
  A gnoll sergeant (D:8)
  A killer bee (D:8)
  22 fungi
  16 plants
40 creatures vanquished.

Grand Total: 311 creatures vanquished

Notes
Turn   | Place    | Note
-------+----------+-------------------------------------------
     0 | D:1      | pkoi the Demigod Hedge Wizard began the quest for the Orb.
     0 | D:1      | Reached XP level 1. HP: 14/14 MP: 6/6
    41 | D:1      | Reached skill level 1 in Conjurations
    41 | D:1      | Reached skill level 1 in Summonings
    41 | D:1      | Reached skill level 1 in Translocations
   455 | D:1      | Reached XP level 2. HP: 20/20 MP: 6/8
  1279 | D:2      | Noticed Natasha
  1369 | D:2      | Noticed Robin
  1692 | D:2      | Reached XP level 3. HP: 24/26 MP: 1/10
  2264 | D:2      | Learned a level 3 spell: Conjure Flame
  2572 | D:2      | Killed Natasha
  2573 | D:2      | Reached skill level 1 in Fire Magic
  2593 | D:2      | HP: 1/26 [dart slug/slug dart (4)]
  3018 | D:2      | Noticed Natasha
  3026 | D:2      | Killed Natasha
  3027 | D:2      | Reached XP level 4. HP: 23/33 MP: 2/11
  3116 | D:2      | Learned a level 3 spell: Mephitic Cloud
  3503 | D:2      | Noticed Natasha
  3512 | D:2      | Killed Natasha
  3913 | D:2      | Killed Robin
  4195 | D:3      | Learned a level 2 spell: Blink
  4564 | D:3      | Reached XP level 5. HP: 38/38 MP: 3/12
  5201 | D:4      | Reached skill level 1 in Air Magic
  5201 | D:4      | Reached skill level 1 in Poison Magic
  5522 | D:4      | Identified the ring "Ysuaplux" {rElec rPois SInv}
  6088 | D:4      | Noticed an ogre
  6105 | D:4      | Killed an ogre
  6106 | D:4      | Reached XP level 6. HP: 24/45 MP: 0/13
  8122 | D:5      | Entered Level 5 of the Dungeon
  8130 | D:5      | Noticed a hornet
  8140 | D:5      | Killed a hornet
  8141 | D:5      | Reached XP level 7. HP: 39/50 MP: 8/14
  8472 | D:5      | Reached skill level 5 in Conjurations
  9667 | D:5      | Reached skill level 1 in Unarmed Combat
 10129 | D:5      | Learned a level 3 spell: Swiftness
 10282 | D:6      | Reached XP level 8. HP: 52/57 MP: 9/15
 10314 | D:6      | Reached skill level 2 in Unarmed Combat
 10364 | D:6      | Found a sand-covered staircase.
 10371 | Ossuary  | Entered an ossuary
 11120 | D:6      | Noticed Prince Ribbit
 11134 | D:6      | Killed Prince Ribbit
 11135 | D:6      | Reached skill level 1 in Fighting
 11135 | D:6      | Reached skill level 1 in Armour
 11470 | D:6      | Reached skill level 3 in Unarmed Combat
 11589 | D:6      | Noticed a boulder beetle
 12606 | D:7      | Gained mutation: Your mind is acute. (Int +2) [potion of
                  | mutation]
 12736 | D:7      | Found Xibo's Weapon Boutique.
 13036 | D:7      | Reached XP level 9. HP: 67/67 MP: 7/16
 13163 | D:7      | Reached skill level 4 in Unarmed Combat
 14168 | D:7      | Found a staircase to the Ecumenical Temple.
 14363 | D:8      | Reached skill level 5 in Unarmed Combat
 15088 | D:8      | Noticed a manticore
 15096 | D:8      | Found a runed translucent gate.
 15097 | D:8      | Found a runed translucent gate.
 15098 | D:8      | Found a runed translucent gate.
 15099 | D:8      | Noticed AlmostDecent's ghost (novice DgFi)
 15344 | D:8      | Identified 2 scrolls of acquirement
 15344 | D:8      | Acquired the +1 pair of boots "Gaemmorph" {Int-2 Dex+6
                  | Slay+6}
 15394 | D:8      | Found Acyo's Distillery.
 15402 | D:8      | Bought 2 potions of haste for 240 gold pieces
 15402 | D:8      | Bought a potion of degeneration for 12 gold pieces
 15403 | D:8      | Acquired a book of Annihilations
 15405 | D:8      | Bought a potion of heal wounds for 60 gold pieces
 17214 | D:9      | Reached skill level 5 in Air Magic
 17371 | D:9      | Reached skill level 6 in Unarmed Combat
 17416 | D:9      | Reached XP level 10. HP: 11/77 MP: 1/18
 17806 | D:9      | Identified the +4 trident "Goocadune" {freeze, Int+3 Dex+4}
 17923 | D:9      | Found a staircase to the Lair.
 17933 | D:9      | Noticed a two-headed ogre
 17958 | D:9      | Reached skill level 1 in Evocations
 18210 | D:9      | Killed a two-headed ogre
 18211 | D:9      | Reached skill level 5 in Translocations
 18270 | D:9      | Reached skill level 7 in Unarmed Combat
 18546 | D:9      | Learned a level 3 spell: Ignite Poison
 18727 | D:9      | Found Waicos's Armour Shoppe.
 19093 | Lair:1   | Entered Level 1 of the Lair of Beasts
 19142 | Lair:1   | Reached skill level 1 in Transmutations
 19600 | Lair:1   | Reached XP level 11. HP: 85/85 MP: 3/21
 20303 | Lair:1   | Found a runed translucent gate.
 20303 | Lair:1   | Found a runed translucent gate.
 20303 | Lair:1   | Found a runed translucent gate.
 20316 | Lair:1   | Noticed AlmostDecent's ghost (journeyman GrFi)
 21010 | Lair:2   | Reached skill level 8 in Unarmed Combat
 21280 | Lair:2   | Noticed Maggie
 21574 | Lair:2   | Killed Maggie
 21575 | Lair:2   | Reached skill level 5 in Dodging
 21746 | Lair:2   | Found a staircase to the Swamp.
 21765 | Lair:2   | Reached skill level 5 in Fighting
 22006 | Lair:2   | Noticed an eight-headed hydra
 22196 | Lair:2   | Reached skill level 5 in Spellcasting
 22311 | Lair:2   | Mangled by an eight-headed hydra

Illustrated notes

Levels and vault maps discovered:
D:1:      dpeg_arrival_court, layout_basic
D:2:      layout_loops_ring, minmay_close_crescents, uniq_robin, uniq_natasha
D:3:      layout_rooms, serial_curves, eino_curves_03, eino_curves_03,
          eino_curves_04, nicolae_ecumenical_lake_church
D:4:      layout_basic, mainiacjoe_overflow_large_starburst
D:5:      wad_crossroads, layout_basic, mainiacjoe_overflow_cross_hatched
D:6:      layout_basic, makhleb_grotto_becter, chequers_ossuary_entry_cave,
          uniq_prince_ribbit1
D:7:      layout_basic, minmay_temple_entry_fiery, serial_shops,
          nicolae_shop_crystal
D:8:      layout_basic, gammafunk_ghost_split, serial_shops,
          nicolae_shop_crystal
D:9:      layout_basic, minmay_lair_entry_grove, serial_shops, shop
Lair:1:   layout_roguey, gammafunk_ghost_ooze
Lair:2:   layout_long_grid, minmay_swamp_entry_swarm, guppyfry_lair_drakes,
          uniq_maggie

Skill      XL: |  1  2  3  4  5  6  7  8  9 10 11 |
---------------+----------------------------------+-----
Conjurations   | 1 2 3 4 5 6 |  6.3
Summonings     | 1 |  1.0
Translocations | 1 2 3 4 5 |  5.0
Spellcasting   | 3 4 5 |  5.1
Fire Magic     | 1 2 3 |  3.0
Air Magic      | 1 2 3 5 |  5.0
Poison Magic   | 1 2 3 |  3.0
Unarmed Combat | 1 3 6 7 8 |  8.7
Dodging        | 2 3 4 5 |  5.4
Fighting       | 2 3 4 5 |  5.4
Armour         | 2 3 4 |  4.4
Evocations     | 3 |  3.0
Transmutations | 1 3 |  3.0
Stealth        | |  1.7

Action                   |  1- 3 |  4- 6 |  7- 9 | 10-12 || total
-------------------------+-------+-------+-------+-------++-------
Melee: Dagger            |    18 |     2 |       |       ||    20
       Unarmed           |       |       |    98 |     9 ||   107
       Punch             |       |       |     4 |     4 ||     8
       Staff             |       |       |     1 |     9 ||    10
       Trident           |       |       |       |   115 ||   115
 Cast: Magic Dart        |   118 |   192 |   472 |   103 ||   885
       Conjure Flame     |       |     3 |    22 |    27 ||    52
       Blink             |       |     1 |       |       ||     1
       Mephitic Cloud    |       |       |     9 |    13 ||    22
       Ignite Poison     |       |       |       |     7 ||     7
Evoke: Wand              |       |       |       |     2 ||     2
  Use: Scroll            |     2 |     1 |     7 |     3 ||    13
       Potion            |       |       |    10 |       ||    10
 Stab: Confused          |       |       |     1 |     3 ||     4
Armor: Robe              |     6 |     8 |    53 |     7 ||    74
       Troll leather arm |       |       |       |    53 ||    53
Dodge: Dodged            |    31 |    33 |   134 |   145 ||   343
